 Dungeon Crawl Stone Soup version 0.21.1-1-g345015fe64 (webtiles) character file.

123 LevaFresel the Vandal (level 5, 0/34 HPs)
             Began as a Halfling Hunter on June 7, 2018.
             Killed by nerve-wracking pain
             ... invoked by an orc priest
              (13 damage)
             ... on level 3 of the Dungeon.
             The game lasted 00:11:35 (2736 turns).

LevaFresel the Vandal (Halfling Hunter)             Turns: 2736, Time: 00:11:36

Health: 0/34       AC:  9    Str: 14    XL:     5   Next: 28%
Magic:  5/5        EV:  9    Int:  9    God:
Gold:   82         SH:  0    Dex: 15    Spells: 4/4 levels left

rFire    . . .     SeeInvis .   b - +0 short sword
rCold    . . .     Gourm    .   (shield restricted)
rNeg     . . .     Faith    .   o - +0 chain mail
rPois    .         Spirit   .   (no helmet)
rElec    .         Reflect  .   i - +0 cloak
rCorr    .         Harm     .   (no gloves)
MR       .....                  (no boots)
Stlth    ..........             (no amulet)
HPRegen  0.11/turn              (no ring)
MPRegen  0.09/turn              (no ring)

@: no status effects
A: small, mutation resistance 1
a: no special abilities


You were on level 3 of the Dungeon.
You were not hungry.

You visited 1 branch of the dungeon, and saw 3 of its levels.

You collected 82 gold pieces.

Inventory:

Hand Weapons
 a - a +1 hunting sling
 b - a +0 short sword (weapon)
Missiles
 d - 33 sling bullets
 e - 76 stones (quivered)
Armour
 i - a +0 cloak (worn)
 l - a cursed +0 leather armour
 o - a +0 chain mail (worn)
 r - a +0 scale mail
 v - a +1 hat
Jewellery
 j - a +6 ring of strength {unknown}
 n - an uncursed ring of ice
Scrolls
 h - 2 scrolls of teleportation
 s - a scroll of fear {unknown}
 u - a scroll of remove curse {unknown}
Potions
 g - 2 potions of degeneration {unknown}
 k - 3 potions of heal wounds {unknown}
 q - a potion of might
 t - a potion of resistance {unknown}
 w - a potion of ambrosia {unknown}
Comestibles
 f - 3 rations


   Skills:
 + Level 2.3 Fighting
 + Level 1.9 Short Blades
 * Level 6.9 Slings
 + Level 1.5 Armour
 + Level 3.0 Dodging
 - Level 2.0 Stealth


You had 4 spell levels left.
You didn't know any spells.

Dungeon Overview and Level Annotations

Branches:
Dungeon (3/15)

Altars:


Innate Abilities, Weirdness & Mutations

You are small and have problems with some larger weapons.
You are somewhat resistant to further mutation.


Message History

You hit the orc priest.
The orc priest is moderately wounded.
The orc priest hits you but does no damage.
Your chain mail prevents you from hitting the orc priest.
The orc priest is moderately wounded.
The orc wizard casts a spell.
The orc wizard seems to speed up.
The orc priest hits you with a long sword.
Your chain mail prevents you from hitting the orc priest.
The orc priest is moderately wounded.
The orc priest hits you with a long sword.
You completely miss the orc priest.
The orc priest is moderately wounded.
You hit the orc priest.
The orc priest is moderately wounded.
The orc priest invokes the aid of Beogh against you.
Pain shoots through your body!
The orc priest invokes the aid of Beogh against you.
Pain shoots through your body!
You die...

#######.#######
#......#).†<..#
#.#####.#
.#####.### .#
..........# .#
...######.# .# #.#
.# ######.###.#
........@...#
.########o########
.......o.......#
##..###)######....
# #.# # #.# #<#
... #.#


You could see an orc priest and an orc wizard.

Vanquished Creatures
  Jessica (D:2)
  2 adders
  A worm (D:2)
  2 dart slugs
  4 leopard geckos
  An orc (D:3)
  11 bats
  6 giant cockroaches
  7 goblins
  9 hobgoblins
  4 jackals (D:2)
  4 kobolds (D:1)
  A quokka (D:2)
  2 frilled lizards
  3 rats
58 creatures vanquished.

Notes
Turn   | Place    | Note
-------+----------+-------------------------------------------
     0 | D:1      | LevaFresel the Halfling Hunter began the quest for the Orb.
     0 | D:1      | Reached XP level 1. HP: 14/14 MP: 1/1
   266 | D:1      | Reached skill level 6 in Slings
   266 | D:1      | Reached XP level 2. HP: 18/19 MP: 2/2
   631 | D:1      | Reached XP level 3. HP: 23/24 MP: 3/3
   918 | D:1      | Reached skill level 1 in Short Blades
  1090 | D:2      | Reached skill level 1 in Armour
  1349 | D:2      | Noticed Jessica
  1367 | D:2      | Killed Jessica
  1367 | D:2      | Reached XP level 4. HP: 27/29 MP: 4/4
  2057 | D:2      | Reached XP level 5. HP: 32/34 MP: 5/5
  2736 | D:3      | Killed from afar by an orc priest

Skill      XL: |  1  2  3  4  5 |
---------------+----------------+-----
Slings         | 6 |  6.9
Fighting       | 2 |  2.3
Short Blades   | 1 |  1.9
Armour         | 1 |  1.5
Stealth        | 2 |  2.0
Dodging        | 3 |  3.0

Action                   |  1- 3 |  4- 6 || total
-------------------------+-------+-------++-------
Melee: Short sword       |    91 |    91 ||   182
 Fire: Hunting sling     |    28 |    24 ||    52
Throw: Stone             |     1 |       ||     1
  Use: Scroll            |     2 |     3 ||     5
 Stab: Sleeping          |       |     1 ||     1
  Eat: Ration            |     1 |       ||     1
       Chunk             |       |     2 ||     2
Armor: Leather armour    |    32 |    20 ||    52
       Chain mail        |       |     9 ||     9
Dodge: Dodged            |    86 |    57 ||   143
